 Dungeon Crawl Stone Soup version 0.29.0-13-gc9e81de378 (webtiles) character file.

Game seed: 11588695896600089976

65 nickcage the Cudgeller (level 3, -2/30 HPs)
             Began as a Minotaur Gladiator on Sept 7, 2022.
             Slain by Sigmund
             ... wielding a +1 scythe of protection
              (4 damage)
             ... on level 2 of the Dungeon.
             The game lasted 00:02:33 (1711 turns).

nickcage the Cudgeller (Minotaur Gladiator)         Turns: 1711, Time: 00:02:33

Health: -2/30      AC:  8    Str: 20    XL:     3   Next: 94%
Magic:  2/2        EV:  8    Int: 11    God:
Gold:   82         SH:  0    Dex: 11    Spells: 2/2 levels left

rFire   . . .      SeeInvis .   a - +0 flail
rCold   . . .      Faith    .   (no shield)
rNeg    . . .      Spirit   .   h - +0 chain mail
rPois   .          Reflect  .   c - +0 hat
rElec   .          Harm     .   (no cloak)
rCorr   .          Rampage  .   (no gloves)
Will    .....                   (no boots)
Stlth   ..........              (no amulet)
HPRegen 0.10/turn               p - +6 ring of intelligence
MPRegen 0.08/turn               (no ring)

@: no status effects
A: horns 2, retaliatory headbutt
a: no special abilities


You were on level 2 of the Dungeon.
You visited 1 branch of the dungeon, and saw 2 of its levels.

You collected 82 gold pieces.

Inventory:

Hand Weapons
 a - a +0 flail (weapon)
Missiles
 d - 3 throwing nets
 e - a javelin (quivered)
Armour
 b - a +0 leather armour
 c - a +0 hat (worn)
 h - a +0 chain mail (worn)
Jewellery
 p - a +6 ring of intelligence (left hand)
Scrolls
 f - 2 scrolls of identify {unknown}
 l - a scroll of poison {unknown}
 m - a scroll of blinking {unknown}
 n - a scroll of acquirement {unknown}
 q - a scroll of teleportation {unknown}
 s - a scroll of magic mapping {unknown}
Potions
 g - 2 potions of flight {unknown}
 i - a potion of ambrosia {unknown}
 j - a potion of might {unknown}
 k - 3 potions of heal wounds {unknown}
 o - a potion of degeneration {unknown}
 r - a potion of attraction {unknown}


   Skills:
 - Level 2.4 Fighting
 + Level 5.9 Maces & Flails
 - Level 2.0 Throwing
 - Level 3.2 Dodging


You had 2 spell levels left.
You didn't know any spells.
Your spell library contained the following spells:

 Spells                   Type           Power      Damage    Failure   Level
 Static Discharge         Conj/Air       0%         3-3/arc   100%        2
 Lightning Bolt           Conj/Air       0%         1d11      100%        5
 Maxwell's Capacitive Co  Air            0%         ∞         100%        8


Dungeon Overview and Level Annotations

Branches:
Dungeon (2/15)

Altars:
Trog

Shops:
D:1 *

Annotations:
D:2 Sigmund


Innate Abilities, Weirdness & Mutations

You have a pair of horns on your head.
You reflexively headbutt those who attack you in melee.


Message History

Sigmund hits you with a +1 scythe of protection.
You closely miss Sigmund. You headbutt Sigmund!
Sigmund is heavily wounded.
Sigmund hits you with a +1 scythe of protection.
You are too injured to fight recklessly!
You are too injured to fight recklessly!
You are too injured to fight recklessly!
You are too injured to fight recklessly!
You barely miss Sigmund.
Sigmund is heavily wounded.
You barely miss Sigmund.
Sigmund is heavily wounded.
Sigmund closely misses you.
You closely miss Sigmund.
Sigmund is heavily wounded.
Sigmund points at you and mumbles some strange words.
The magic dart hits you.
* * * LOW HITPOINT WARNING * * *
You barely miss Sigmund. You headbutt Sigmund.
Sigmund is severely wounded.
Sigmund barely misses you.
You hit Sigmund but do no damage. You headbutt Sigmund, but do no damage.
Sigmund is severely wounded.
Sigmund breathes a few words.
Sigmund's hands start flickering wildly.
Sigmund gestures at you while chanting. You resist with significant effort.
You barely miss Sigmund. You punch Sigmund.
Sigmund is severely wounded.
Sigmund hits you but does no damage.
You closely miss Sigmund.
Sigmund is severely wounded.
You hit Sigmund but do no damage. You headbutt Sigmund, but do no damage.
Sigmund is severely wounded.
Sigmund hits you with a +1 scythe of protection!
* * * LOW HITPOINT WARNING * * *
You closely miss Sigmund.
Sigmund is severely wounded.
Sigmund hits you with a +1 scythe of protection.
You die...

#.....#####. #.
##..........# #.#
.........#### #.#
.###.....## ..#
#.##.......# #.#
#...#.#.###.# ## #.#
.........##.##..
#.###@...#>#........#
#...@........##.....#
#######.###...##.# #..####
............>## ####.#
.######.####.# #. #.####
#.# #.# #..#..... ##.## #.#
#..#..###
#...###.######..#...##
##.##............#..#....#
.........###.######P.#...##


You could see Sigmund.

Vanquished Creatures
  Terence (D:2)
  An adder (D:2)
  4 ball pythons
  3 endoplasms (D:1)
  5 goblins (D:1)
  3 hobgoblins
  5 kobolds
  7 bats
  3 frilled lizards (D:1)
  3 rats
35 creatures vanquished.

Notes
Turn   | Place    | Note
-------+----------+-------------------------------------------
     0 | D:1      | nickcage the Minotaur Gladiator began the quest for the
                  | Orb.
     0 | D:1      | Reached XP level 1. HP: 18/18 MP: 0/0
   163 | D:1      | Reached skill level 4 in Maces & Flails
   204 | D:1      | Reached XP level 2. HP: 25/25 MP: 1/1
   712 | D:1      | Found Jynute's Assorted Antiques.
   864 | D:1      | Reached skill level 5 in Maces & Flails
  1164 | D:2      | Reached XP level 3. HP: 20/30 MP: 2/2
  1328 | D:2      | Found a bloodstained altar of Trog.
  1632 | D:2      | Noticed Terence
  1638 | D:2      | Killed Terence
  1690 | D:2      | Noticed Sigmund
  1711 | D:2      | Slain by Sigmund

Illustrated notes

Levels and vault maps discovered:
D:1:      minmay_arrival_nine_rooms, layout_loops_ring, serial_shops,
          nicolae_shop_statue_plus, moated_statue
D:2:      layout_loops_ring, basic_altar, serial_aquarium,
          aquarium_bridge_square [aquarium_subvault_wall,
          aquarium_subvault_window, aquarium_subvault_bridge,
          aquarium_subvault_wall], aquarium_bridge_straight
          [aquarium_subvault_bridge, aquarium_subvault_window,
          aquarium_subvault_bridge, aquarium_subvault_window],
          aquarium_window_1, aquarium_window_3, aquarium_view_2c,
          aquarium_view_2a, aquarium_balcony_3a, aquarium_pool_1, uniq_sigmund,
          uniq_terence

Skill      XL: |  1  2 |
---------------+-------+-----
Maces & Flails | 4 5 |  5.9
Fighting       | |  2.4
Throwing       | |  2.0
Dodging        | |  3.2

Action                   || total
-------------------------++-------
Melee: Flail             ||    92
       Headbutt          ||    14
       Punch             ||     1
Armor: Leather armour    ||     7
       Chain mail        ||    37
Dodge: Dodged            ||    45
